 Dungeon Crawl Stone Soup version 0.23.2-1-ga50397a (webtiles) character file.

Game seed: 15681205381791898104

1551 doot the Thaumaturge (level 8, -3/43 HPs)
             Began as a Deep Elf Wizard on May 5, 2019.
             Was a Follower of Vehumet.
             Shot with an arrow by a centaur (4 damage)
             ... on level 7 of the Dungeon.
             The game lasted 00:15:48 (7321 turns).

doot the Thaumaturge (Deep Elf Wizard)              Turns: 7321, Time: 00:15:49

Health: -3/43      AC:  2    Str:  4    XL:     8   Next: 57%
Magic:  16/24      EV: 14    Int: 26    God:    Vehumet [*.....]
Gold:   241        SH:  0    Dex: 13    Spells: 11/28 levels left

rFire    x . .     SeeInvis .   D - +3 short sword
rCold    + . .     Gourm    .   (no shield)
rNeg     . . .     Faith    .   v - +0 robe (curse)
rPois    +         Spirit   .   b - +0 hat
rElec    .         Reflect  .   (no cloak)
rCorr    .         Harm     .   (no gloves)
MR       .....                  (no boots)
Stlth    +++.......             o - amulet of magic regeneration
HPRegen  0.14/turn              g - ring of ice
MPRegen  0.44/turn              C - ring of poison resistance

@: no status effects
A: no striking features
a: Renounce Religion


You were on level 7 of the Dungeon.
You worshipped Vehumet.
Vehumet was aware of your devotion.
You were not hungry.

You visited 1 branch of the dungeon, and saw 7 of its levels.

You collected 241 gold pieces.

Inventory:

Hand Weapons
 D - a +3 short sword (weapon)
Armour
 a - a +0 robe
 b - a +0 hat (worn)
 v - a cursed +0 robe (worn)
Jewellery
 g - a ring of ice (left hand)
 o - an amulet of magic regeneration (around neck)
 C - a ring of poison resistance (right hand)
Wands
 q - a wand of random effects (20)
 x - a wand of flame (20)
Scrolls
 i - 3 scrolls of enchant weapon
 m - 2 scrolls of teleportation {unknown}
 n - 2 scrolls of fear {unknown}
 p - 3 scrolls of remove curse
 s - 2 scrolls of blinking {unknown}
 u - 2 scrolls of random uselessness {unknown}
 y - a scroll of enchant armour {unknown}
 z - a scroll of amnesia {unknown}
 B - 4 scrolls of identify
 E - a scroll of fog {unknown}
Potions
 c - 2 potions of degeneration {unknown}
 e - 3 potions of lignification
 f - 2 potions of cancellation {unknown}
 h - a potion of resistance {unknown}
 j - a potion of ambrosia {unknown}
 k - a potion of might {unknown}
 l - a potion of heal wounds {unknown}
 r - a potion of invisibility {unknown}
 t - a potion of magic {unknown}
 w - 2 potions of haste {unknown}
 A - 2 potions of mutation {unknown}
Comestibles
 d - 8 rations


   Skills:
 + Level 1.1 Fighting
 + Level 0.1 Short Blades
 + Level 3.8 Dodging
 + Level 5.0 Stealth
 + Level 10.6 Spellcasting
 + Level 5.9 Conjurations
 + Level 1.7 Summonings
 + Level 2.5 Translocations
 + Level 0.6 Fire Magic
 + Level 0.6 Air Magic
 + Level 0.5 Poison Magic


You had 11 spell levels left.
You knew the following spells:

 Your Spells              Type           Power        Failure   Level  Hunger
a - Magic Dart            Conj           ####         1%          1    None
b - Blink                 Tloc           N/A          2%          2    None
c - Call Imp              Summ           ###.....     3%          2    None
d - Slow                  Hex            ##......     7%          2    None
e - Conjure Flame         Conj/Fire      ####....     3%          3    None
f - Mephitic Cloud        Conj/Pois/Air  ####....     4%          3    None
g - Iskenderun's Mystic   Conj           #####...     3%          4    None

Your spell library contained the following spells:

 Spells                   Type           Power        Failure   Level  Hunger
 Sting                    Conj/Pois      ####         1%          1    None
 Searing Ray              Conj           #####.       1%          2    None
 Dazzling Spray           Conj/Hex       ####..       3%          3    None
 Beastly Appendage        Tmut           ##....       4%          1    None
 Sticks to Snakes         Tmut           ##......     7%          2    None
 Force Lance              Conj/Tloc      #####...     8%          4    None
 Spider Form              Tmut/Pois      ###.......   12%         3    None
 Fulminant Prism          Conj/Hex       ####......   13%         4    None
 Ice Form                 Ice/Tmut       ###.....     41%         4    None
 Blade Hands              Tmut           ##........   77%         5    ####...


Dungeon Overview and Level Annotations

Branches:
Dungeon (7/15)             Temple (0/1) D:7

Altars:
Fedhas
Kikubaaqudgha
Vehumet
Wu Jian

Shops:
D:6 =


Message History

The crimson imp blinks!
The crimson imp hits you.
You see here 12 gold pieces.
The crimson imp barely misses you.
The crimson imp blinks!
The crimson imp hits you.
* * * LOW HITPOINT WARNING * * *
The centaur wields a +0 shortbow.
The centaur shoots an arrow.
The arrow closely misses you.
You see here an arrow.
Casting: Magic Dart (safe; 1% risk of failure)
Confirm with . or Enter, or press ? or * to list all spells.
Aiming: Conjure Flame (safe; 3% risk of failure)
Press: ? - help, Dir - move target cursor, p - crimson imp The fire ignites!
The crimson imp blinks!
You hit the crimson imp but do no damage.
The centaur shoots an arrow.
The arrow hits you!
* * * LOW HITPOINT WARNING * * *
The centaur shoots an arrow.
The arrow hits you.
You die...

..# ###### ##
.....#######....# ##.
#..5@§§c.(.#.##...
########.......... .
##.#.#..... ..
########..#.###......
.........##...###...#
####..$.#........#.#
#...##..>..##...#
#.#c§(.....#..###
#...###^..##.....


You could see a centaur and a crimson imp.

Vanquished Creatures
  An ice beast (D:7)
  4 ogres
  A sky beast (D:6)
  A centaur (D:6)
  A phantom (D:6)
  2 scorpions
  5 wights (D:7)
  A crimson imp (D:6)
  An orc wizard (D:6)
  An orc priest (D:6)
  A centaur skeleton (D:6)
  A bullfrog skeleton (D:6)
  4 worker ants
  Robin (D:4)
  5 gnolls
  10 adders
  A shadow imp (D:7)
  An ooze (D:2)
  4 worms
  2 leopard geckos (D:3)
  7 orcs
  5 bats
  4 giant cockroaches
  10 goblins
  9 hobgoblins
  16 jackals
  4 kobolds (D:2)
  2 quokkas
  2 ball pythons
  A ball python skeleton (D:4)
  A ball python zombie (D:6)
  3 frilled lizards
  3 rats
115 creatures vanquished.

Vanquished Creatures (collateral kills)
  A centaur (D:5)
  A gnoll (D:5)
  A goblin (D:4)
  A hobgoblin (D:4)
  2 jackals (D:3)
6 creatures vanquished.

Vanquished Creatures (others)
  A shadow imp (D:5)
1 creature vanquished.

Grand Total: 122 creatures vanquished

Notes
Turn   | Place    | Note
-------+----------+-------------------------------------------
     0 | D:1      | doot the Deep Elf Wizard began the quest for the Orb.
     0 | D:1      | Reached XP level 1. HP: 10/10 MP: 7/7
   221 | D:1      | Reached XP level 2. HP: 15/15 MP: 6/9
   227 | D:1      | Reached skill level 5 in Spellcasting
  1004 | D:2      | Learned a level 2 spell: Blink
  1007 | D:2      | Learned a level 2 spell: Call Imp
  1010 | D:2      | Learned a level 2 spell: Slow
  1114 | D:2      | Reached XP level 3. HP: 19/19 MP: 7/12
  1678 | D:2      | Reached skill level 6 in Spellcasting
  1896 | D:2      | Learned a level 3 spell: Conjure Flame
  1900 | D:2      | Learned a level 3 spell: Mephitic Cloud
  1960 | D:3      | Reached XP level 4. HP: 14/24 MP: 7/14
  3266 | D:4      | Found an ornate altar of the Wu Jian Council.
  3296 | D:4      | Noticed an ogre
  3307 | D:4      | Killed an ogre
  3307 | D:4      | Reached skill level 7 in Spellcasting
  3307 | D:4      | Reached XP level 5. HP: 28/28 MP: 2/16
  3407 | D:4      | Noticed Robin
  3445 | D:4      | Killed Robin
  3641 | D:4      | Reached XP level 6. HP: 32/32 MP: 12/18
  3938 | D:5      | Entered Level 5 of the Dungeon
  4177 | D:5      | Found a radiant altar of Vehumet.
  4188 | D:5      | Became a worshipper of Vehumet
  4306 | D:5      | Reached skill level 8 in Spellcasting
  4649 | D:5      | Found a blossoming altar of Fedhas.
  4797 | D:5      | Learned a level 4 spell: Iskenderun's Mystic Blast
  5055 | D:6      | Reached XP level 7. HP: 37/37 MP: 17/20
  5772 | D:6      | Reached skill level 9 in Spellcasting
  5887 | D:6      | Reached skill level 1 in Fighting
  6179 | D:6      | Reached * piety under Vehumet
  6179 | D:6      | Offered knowledge of Sting by Vehumet.
  6209 | D:6      | Reached XP level 8. HP: 43/43 MP: 14/23
  6414 | D:6      | Found an ancient bone altar of Kikubaaqudgha.
  6707 | D:6      | Found Gyduif's Jewellery Boutique.
  7187 | D:7      | Reached skill level 10 in Spellcasting
  7189 | D:7      | Reached skill level 5 in Conjurations
  7278 | D:7      | Found a staircase to the Ecumenical Temple.
  7306 | D:7      | Reached skill level 5 in Stealth
  7321 | D:7      | HP: 1/43 [centaur/arrow (10)]
  7321 | D:7      | Shot with an arrow by a centaur

Skill      XL: |  1  2  3  4  5  6  7  8 |
---------------+-------------------------+-----
Spellcasting   | 5 6 7 8 9 10 | 10.6
Stealth        | 3 4 5 |  5.0
Conjurations   | 2 3 4 5 |  5.9
Dodging        | 3 |  3.8
Translocations | 2 |  2.5
Fighting       | 1 |  1.1
Short Blades   | |  0.1
Summonings     | |  1.7
Fire Magic     | |  0.6
Air Magic      | |  0.6
Poison Magic   | |  0.5

Action                   |  1- 3 |  4- 6 |  7- 9 || total
-------------------------+-------+-------+-------++-------
Melee: Short sword       |       |       |     3 ||     3
       Unarmed           |       |       |     1 ||     1
 Cast: Magic Dart        |    88 |   155 |   110 ||   353
       Blink             |       |     3 |     6 ||     9
       Call Imp          |       |     9 |     2 ||    11
       Mephitic Cloud    |       |     1 |     6 ||     7
       Conjure Flame     |       |       |    10 ||    10
       Iskenderun's Myst |       |       |    18 ||    18
  Use: Scroll            |     3 |     2 |       ||     5
 Stab: Confused          |       |       |     1 ||     1
  Eat: Chunk             |     3 |     9 |       ||    12
       Ration            |       |       |     2 ||     2
Armor: Robe              |     4 |     5 |     3 ||    12
Dodge: Dodged            |    17 |    29 |    19 ||    65
